 Zot Defence DCSS version 0.15.2 (webtiles) character file.

43382 Wilfredo the Protected (level 13, -20/107 (115) HPs)
             Began as a Minotaur Fighter on Oct 12, 2018.
             Was a Believer of Trog.
             Demolished by a skeletal warrior
             ... wielding a +0 trident
              (22 damage)
             ... in the Realm of Zot (Scenario I: Hall of Zot) on Oct 13, 2018.
             The game lasted 01:17:27 (2580 turns).

Wilfredo the Protected (Minotaur Fighter)           Turns: 2580, Time: 01:17:28

HP -20/107 (115) AC 14     Str 29 (30) XL: 13   Next: 20%
MP   5/5         EV 10     Int  5      God: Trog [**....]
Gold 5           SH 13     Dex 11      Spells:  0 memorised, 12 levels left

rFire  . . .     SeeInvis .     a - +0 trident
rCold  . . .     Clarity  .     j - +0 chain mail
rNeg   . . .     rCorr    .     c - +0 shield
rPois  .         rRot     .     (helmet restricted)
rElec  .         Spirit   .     r - +0 cloak
SustAb .         Warding  .     (no gloves)
rMut   .         Stasis   .     (no boots)
Gourm  .                        (no amulet)
MR     .....                    (no ring)
                                (no ring)

@: mighty, very slightly contaminated, invisible, not resistant to hostile
enchantments, extremely unstealthy
A: retaliatory headbutt, horns 2
a: Make oklob sapling, Make arrow trap, Make plant, Remove Curse, Make burning
bush, Make altar, Make grenades, Make oklob plant, Make net trap, Make ice
statue, Make spear trap, Make alarm trap, Make mushroom circle, Make bolt trap,
Burn Spellbooks, Berserk, Trog's Hand, Renounce Religion
}: 1/15 runes: slimy


You were in the Realm of Zot.
You worshipped Trog.
Trog was pleased with you.
You were not hungry.

You visited 1 branch You collected 5 gold pieces.

Inventory:

Hand weapons
 a - a +0 trident (weapon)
 l - a cursed -3 halberd
 p - a -2 glaive
 q - a +0 flail
 w - a +0 shortbow of flaming
Missiles
 b - 28 arrows
 n - a poisoned needle
 o - a throwing net (quivered)
Armour
 c - a +0 shield (worn)
 j - a +0 chain mail (worn)
 r - a +0 cloak (worn)
 u - a +2 scale mail of magic resistance
Magical devices
 g - a wand of polymorph (0) {unknown}
 m - a wand of frost (11)
 s - a wand of disintegration (2)
Comestibles
 f - a bread ration
Scrolls
 k - a scroll of blinking
Potions
 h - a potion of haste
 i - 2 potions of magic
 v - a potion of blood


   Skills:
 + Level 10.9 Fighting
 + Level 2.0 Maces & Flails
 + Level 12.9 Polearms
 + Level 2.6 Throwing
 + Level 13.1 Armour
 + Level 10.8 Dodging
 + Level 12.1 Shields


You had 12 spell levels left.
You didn't know any spells.

Dungeon Overview and Level Annotations

Branches:
    Zot (1/1)

Altars:
Trog


Innate Abilities, Weirdness & Mutations

You reflexively headbutt those who attack you in melee.
You have a pair of horns on your head.


Message History

Okay, then.
You hit Plog. Your headbutt misses Plog.
Plog is moderately damaged.
Your ice beast barely misses Plog.
You block the skeletal warrior's attack.
Unknown command.
You strike the helpless slime creature from behind!
You puncture the slime creature! You headbutt the slime creature!
The slime creature is almost dead.
You block the iguana's attack.
Your ice beast hits Plog but does no damage.
Plog hits your ice beast with a battleaxe!
Your ice beast dies!
Plog hits your plant with a battleaxe! Plog hits you with a battleaxe!
* * * LOW HITPOINT WARNING * * *
Use which ability? (? or * to list)
You create a living grenade. x2
Your ice statue glitters chillingly in the dim dungeon light.
The skeletal warrior hits you from afar with a trident!!
You die...

▓▓▓▓▓▓▓▓ ▓▓▓▓▓▓▓▓ ....▓▓▓▓
▓▓▓▓.... .......▓▓▓ ▓▓▓.......
.........▓▓ ▓▓.........
..........▓ ▓▓▓▓▓▓▓▓▓ ▓..........
..........▓▓▓(P8P.PP▓▓▓..........
..........▓▓^^Y*...)[▓▓..........
..........▓^)[zzlP....▓P.........
......uY.^)^^zuJ@P([^(^^(........
......5..^▓^.zzzPP*.[^▓^.........
........).▓▓....v..^^▓▓P.........
..........▓▓▓P..P8PP▓▓▓..........
..........# ▓▓▓▓▓▓▓▓▓ #..........
.........## ##.........
.......### ###....... ....####
####.... ######### #########


You could see a purple ugly thing, 3 skeletal warriors, Plog the skeletal
warrior, a slime creature, an iguana, 2 wights, an insubstantial wisp, 2
friendly ice statues, 4 friendly oklob plants, 2 friendly burning bushes, a
friendly ice beast, 3 friendly oklob saplings and 2 friendly giant spores.

Vanquished Creatures
  An orc knight (Zot)
  2 ugly things (Zot)
  A shadow (Zot)
  3 slime creatures (Zot)
  A vampire (Zot)
  A hell hound (Zot)
  A water moccasin (Zot)
  A big kobold (Zot)
  A warg zombie (Zot)
  2 killer bees (Zot)
  A quasit (Zot)
  An ogre zombie (Zot)
  4 gnolls (Zot)
  An adder (Zot)
  A giant mite (Zot)
  2 iguana skeletons (Zot)
  5 oozes (Zot)
  2 orcs (Zot)
  3 ball pythons (Zot)
  2 bats (Zot)
  4 giant cockroaches (Zot)
  2 hobgoblins (Zot)
  2 jackals (Zot)
  A giant newt (Zot)
  3 gnoll skeletons (Zot)
  5 goblins (Zot)
  A jackal skeleton (Zot)
  5 kobolds (Zot)
  An orc skeleton (Zot)
  3 rats (Zot)
  2 rat skeletons (Zot)
65 creatures vanquished.

Vanquished Creatures (collateral kills)
  2 very ugly things (Zot)
  A centaur warrior (Zot)
  An unseen horror (shapeshifter) (Zot)
  An orc sorcerer (Zot)
  A salamander (Zot)
  3 hill giants (Zot)
  10 ugly things (Zot)
  A manticore (Zot)
  A centaur zombie (Zot)
  Maurice (Zot)
  A centaur skeleton (Zot)
  6 yaktaurs (Zot)
  A kobold demonologist (Zot)
  A hydra zombie (Zot)
  A troll (Zot)
  A deep elf mage (Zot)
  2 hungry ghosts (Zot)
  3 vampires (Zot)
  20 slime creatures (Zot)
  4 redbacks (Zot)
  A hill giant zombie (Zot)
  Grum (Zot)
  A hill giant skeleton (Zot)
  A yak (Zot)
  3 phantoms (Zot)
  2 vampire mosquitoes (Zot)
  2 wargs (Zot)
  2 ice beasts (Zot)
  A naga (Zot)
  An orc warrior (Zot)
  A black bear (Zot)
  An ogre (Zot)
  2 centaurs (Zot)
  A necrophage (Zot)
  7 boggarts (Zot)
  A giant frog (Zot)
  4 gnoll sergeants (Zot)
  5 big kobolds (Zot)
  10 insubstantial wisps (Zot)
  2 wights (Zot)
  14 killer bees (Zot)
  An oklob sapling (Zot)
  3 goliath beetles (Zot)
  2 orc priests (Zot)
  2 quasits (Zot)
  4 gnoll shamans (Zot)
  An orc wizard (Zot)
  4 hounds (Zot)
  An elf skeleton (Zot)
  3 iguanas (Zot)
  2 worker ants (Zot)
  Ijyb (Zot)
  A mummy (Zot)
  A hound skeleton (Zot)
  6 green rats (Zot)
  8 adders (Zot)
  6 gnolls (Zot)
  An orc skeleton (Zot)
  3 giant mites (Zot)
  A shadow imp (Zot)
  6 oozes (Zot)
  5 orcs (Zot)
  A ball python (Zot)
  2 hobgoblins (Zot)
  9 kobolds (Zot)
  3 quokkas (Zot)
  6 bats (Zot)
  4 giant cockroaches (Zot)
  A giant gecko (Zot)
  A giant newt (Zot)
  A gnoll skeleton (Zot)
  11 goblins (Zot)
  2 goblin skeletons (Zot)
  4 jackals (Zot)
  A kobold skeleton (Zot)
  5 rats (Zot)
  A rat skeleton (Zot)
  4 plants (Zot)
243 creatures vanquished.

Vanquished Creatures (others)
  3 burning bushes (Zot)
  A slime creature (Zot)
  41 ice beasts (Zot)
  4 oklob saplings (Zot)
  A quasit (Zot)
  Terence (Zot)
  A gnoll (Zot)
  A green rat (Zot)
  A hobgoblin (Zot)
  8 kobolds (Zot)
  A quokka (Zot)
  A giant cockroach (Zot)
  A gnoll skeleton (Zot)
  5 goblins (Zot)
  A jackal (Zot)
  3 rats (Zot)
74 creatures vanquished.

Grand Total: 382 creatures vanquished

Notes
Turn   | Place    | Note
--------------------------------------------------------------
     0 | Zot      | Wilfredo, the Minotaur Fighter, began the quest for the Orb.
     0 | Zot      | Reached XP level 1. HP: 19/19 MP: 1/1
   227 | Zot      | Reached XP level 2. HP: 20/27 MP: 1/1
   232 | Zot      | Reached skill level 4 in Shields
   307 | Zot      | Reached XP level 3. HP: 24/33 MP: 2/2
   393 | Zot      | Reached skill level 1 in Dodging
   509 | Zot      | Reached XP level 4. HP: 40/40 MP: 2/2
   539 | Zot      | Noticed Ijyb
   547 | Zot      | Killed Ijyb
   609 | Zot      | Reached XP level 5. HP: 44/47 MP: 2/2
   713 | Zot      | Reached skill level 5 in Shields
   739 | Zot      | Noticed Thuep
   759 | Zot      | Killed Thuep the phantom
   759 | Zot      | Reached XP level 6. HP: 42/55 MP: 3/3
   764 | Zot      | Became a worshipper of Trog the Wrathful
   805 | Zot      | Reached skill level 5 in Fighting
   907 | Zot      | Reached XP level 7. HP: 30/61 MP: 3/3
   916 | Zot      | Noticed a warg
   921 | Zot      | Killed a warg
   921 | Zot      | Reached skill level 5 in Armour
   921 | Zot      | Reached skill level 6 in Shields
   928 | Zot      | Noticed Ynelatt
   937 | Zot      | Killed Ynelatt the hell hound
   937 | Zot      | Reached skill level 5 in Polearms
   994 | Zot      | Noticed an orc knight
  1004 | Zot      | Killed an orc knight
  1004 | Zot      | Reached skill level 5 in Dodging
  1004 | Zot      | Reached skill level 7 in Shields
  1004 | Zot      | Reached XP level 8. HP: 22/70 MP: 3/3
  1239 | Zot      | Noticed Marbaugh
  1246 | Zot      | Killed Marbaugh the orc sorcerer
  1246 | Zot      | Reached skill level 8 in Shields
  1246 | Zot      | Reached XP level 9. HP: 79/79 MP: 4/4
  1342 | Zot      | Noticed Grum
  1349 | Zot      | Killed Grum
  1451 | Zot      | Reached skill level 9 in Shields
  1514 | Zot      | Noticed a centaur skeleton
  1519 | Zot      | Killed a centaur skeleton
  1519 | Zot      | Reached XP level 10. HP: 85/87 MP: 4/4
  1526 | Zot      | Noticed a centaur zombie
  1530 | Zot      | Killed a centaur zombie
  1544 | Zot      | Noticed Maurice
  1554 | Zot      | Killed Maurice
  1554 | Zot      | Reached skill level 1 in Throwing
  1637 | Zot      | Acquired Trog's first power
  1717 | Zot      | Reached skill level 10 in Shields
  1720 | Zot      | Noticed a moth of wrath
  1721 | Zot      | Reached skill level 1 in Maces & Flails
  1734 | Zot      | Reached skill level 10 in Polearms
  1734 | Zot      | Reached XP level 11. HP: 94/94 MP: 4/4
  1861 | Zot      | Reached skill level 10 in Armour
  1929 | Zot      | Killed Seneryti the unseen horror
  1988 | Zot      | Got a slimy rune of Zot
  2002 | Zot      | Noticed Terence
  2039 | Zot      | Killed Terence
  2195 | Zot      | Killed a hill giant
  2211 | Zot      | Reached skill level 11 in Armour
  2224 | Zot      | Noticed a hill giant
  2233 | Zot      | Killed a hill giant
  2270 | Zot      | Reached XP level 12. HP: 95/98 MP: 5/5
  2310 | Zot      | Noticed a centaur warrior
  2323 | Zot      | Killed a centaur warrior
  2323 | Zot      | Reached skill level 10 in Dodging
  2346 | Zot      | Reached skill level 12 in Armour
  2445 | Zot      | Reached skill level 10 in Fighting
  2467 | Zot      | Noticed a cyan very ugly thing
  2537 | Zot      | Killed a cyan very ugly thing
  2543 | Zot      | Noticed a red very ugly thing
  2555 | Zot      | Reached XP level 13. HP: 34/106 MP: 5/5
  2557 | Zot      | Killed a red very ugly thing
  2557 | Zot      | Reached skill level 13 in Armour
  2568 | Zot      | Acquired Trog's second power
  2579 | Zot      | HP: 1/107 [Plog the skeletal warrior/battleaxe (13)]
  2580 | Zot      | Demolished by a skeletal warrior

Action                   |  1- 3 |  4- 6 |  7- 9 | 10-12 | 13-15 || total
-------------------------+-------+-------+-------+-------+-------++-------
Melee: Trident           |    70 |    51 |    49 |    73 |    18 ||   261
       Flail             |       |       |       |     4 |       ||     4
Throw: Throwing net      |       |       |     2 |     1 |       ||     3
Invok: Berserk           |       |       |       |     1 |       ||     1
 Abil: Make oklob saplin |     2 |       |       |     7 |       ||     9
       Make arrow trap   |       |     2 |     6 |     1 |       ||     9
       Make burning bush |       |     1 |     1 |     3 |       ||     5
       Make altar        |       |     1 |       |       |       ||     1
       Make net trap     |       |       |     2 |       |       ||     2
       Make oklob plant  |       |       |     2 |     2 |       ||     4
       Make spear trap   |       |       |       |     8 |       ||     8
       Make ice statue   |       |       |       |     2 |       ||     2
       Remove Curse      |       |       |       |     1 |       ||     1
       Make plant        |       |       |       |     8 |       ||     8
       Make alarm trap   |       |       |       |     4 |       ||     4
       Make grenades     |       |       |       |       |     1 ||     1
  Use: Potion            |       |       |     2 |       |     6 ||     8
 Stab: Distracted        |       |     1 |     3 |     5 |       ||     9
       Invisible         |       |       |       |       |     2 ||     2
